AoeStats
← Carple

QS Arena

503738358Analyzed
1v1 RM · 1mo ago on Sep 2, 2026· 27m 20s· 2 players
Game mode
Random Map
Map size
Tiny (2 player)
Population
200
Speed
Normal
Resources
Standard
Victory
Conquest
Starting age
Dark Age
Ending age
Imperial Age
RankedLock teamsTeams togetherTeam positionsShared explorationLock speedFull tech treeHidden civsTurbo modeCheats
Victory
Defeat
🇦🇺 Spanish · Australia
1200
+17
🇨🇦 Hindustanis · Canada
1229
-17
ConditionZero
8:39 Feudal Age
12:28 Castle Age
11:00 Double-Bit Axe
11:18 Horse Collar
12:08 Gold Mining
13:45 Loom
17:26 Fletching
18:57 Bodkin Arrow
20:34 Padded Archer Armor
25:26 Scale Barding Armor
Carple
8:06 Feudal Age
9:07 Loom
9:12 Double-Bit Axe
14:35 Castle Age
12:46 Gold Mining
12:48 Stone Mining
13:14 Horse Collar
15:06 Forging
14:47 Fletching
15:00 Padded Archer Armor
19:01 Elite Skirmisher
Connection lost

Rejoining the realm…

Still unreachable

The connection could not be restored.

Session expired

The server has moved on; the page needs a fresh start.